 Dungeon Crawl Stone Soup version 0.18-a0-1560-ge216ca8 (webtiles) character file.

65 namelastname112 the Skirmisher (level 3, -17/33 HPs)
             Began as a Draconian Wanderer on Mar 12, 2016.
             Was an Initiate of Gozag.
             Demolished by an ogre
             ... wielding a +0 giant spiked club
              (22 damage)
             ... on level 3 of the Dungeon.
             The game lasted 00:02:17 (1386 turns).

namelastname112 the Skirmisher (Draconian Wanderer) Turns: 1386, Time: 00:02:18

Health: -17/33     AC:  6    Str: 14    XL:     3   Next: 94%
Magic:  3/3        EV: 12    Int: 11    God:    Gozag
Gold:   203        SH:  0    Dex: 12    Spells: 0 memorised, 2 levels left

rFire  . . .     SeeInvis .     a - +2 mace
rCold  . . .     Gourm    .     (armour unavailable)
rNeg   . . .     Faith    .     (no shield)
rPois  .         Spirit   .     (helmet restricted)
rElec  .         Dismiss  .     (no cloak)
rCorr  .         Reflect  .     (no gloves)
SustAt .         Harm     .     j - +0 pair of boots
MR     .....                    (no amulet)
Stlth  +.........               (no ring)
                                (no ring)

@: gold aura, very slightly contaminated, hasted, very quick, not resistant to
hostile enchantments, very unstealthy
A: unfitting armour, cold-blooded, AC +5
a: Potion Petition, Call Merchant, Bribe Branch, Renounce Religion


You were on level 3 of the Dungeon.
You worshipped Gozag.
Gozag was noncommittal.
You were not hungry.

You visited 1 branch of the dungeon, and saw 3 of its levels.

You collected 235 gold pieces.
You paid 32 gold pieces to Gozag.

Inventory:

Hand Weapons
 a - a +2 mace (weapon)
Armour
 j - a +0 pair of boots (worn)
Scrolls
 c - 3 scrolls of teleportation
 e - 4 scrolls of identify {unknown}
 g - a scroll of random uselessness {unknown}
 i - a scroll of immolation {unknown}
 k - a scroll of remove curse {unknown}
 n - a scroll of recharging {unknown}
Potions
 h - a potion of heal wounds {unknown}
 l - a potion of mutation {unknown}
Comestibles
 b - 5 fruits
 d - 2 bread rations
 m - a meat ration


   Skills:
 + Level 3.9 Fighting
 + Level 3.0 Maces & Flails
 + Level 1.7 Dodging
   Level 1.0 Shields
   Level 3.0 Conjurations
   Level 1.0 Evocations


You had 2 spell levels left.
You didn't know any spells.

Dungeon Overview and Level Annotations

Branches:
Dungeon (3/15)

Altars:
Gozag


Innate Abilities, Weirdness & Mutations

Your plain brown scales are hard (AC +5).
Your body does not fit into most forms of armour.
You are cold-blooded and may be slowed by cold attacks.


Message History

The ogre is moderately wounded.
The bat barely misses you. The ogre barely misses you.
The bat barely misses you.
You barely miss the ogre.
The ogre is moderately wounded.
The goblin barely misses you. The bat hits you but does no damage.
The ogre hits you with a giant spiked club!
* * * LOW HITPOINT WARNING * * *
You barely miss the ogre.
The ogre is moderately wounded.
The goblin is no longer distracted by gold.
The bat misses you. The goblin closely misses you.
You hit the ogre. You tail-slap the ogre.
The ogre is heavily wounded.
The bat closely misses you. The bat barely misses you. The goblin hits you.
* * * LOW HITPOINT WARNING * * *
The ogre hits you with a giant spiked club!!
Ouch! That really hurt!
You die...
Your body crumbles into a pile of gold.

#.....)).#
#..#####(###
##.......<(.####
...............#
..>..........#.#
.......##.#..#.#
..........S....####
.#....###.#bO......
#..#. #.#@#..##
#..#. #.#g#..# #.
#. #.#g#..#
...###.#g#..##
.........g....#
###.#.#####'### #.
g%# # .g# g.#


You could see an ogre, an adder, 4 goblins and a bat.

Vanquished Creatures
  An adder (D:2)
  A worm (D:2)
  A dart slug (D:2)
  A giant gecko (D:1)
  5 bats
  A giant cockroach (D:1)
  10 hobgoblins
  4 jackals (D:3)
  8 kobolds
  2 quokkas (D:2)
  A ball python (D:1)
  2 giant newts (D:1)
  4 goblins
  6 rats
47 creatures vanquished.

Notes
Turn   | Place    | Note
--------------------------------------------------------------
     0 | D:1      | namelastname112 the Draconian Wanderer began the quest for the Orb.
     0 | D:1      | namelastname112 set off with: a +2 mace, a +0 hand axe, a scroll of teleportation, a bread ration
     0 | D:1      | Reached XP level 1. HP: 19/19 MP: 1/1
    91 | D:1      | Reached XP level 2. HP: 12/26 MP: 2/2
   148 | D:1      | Reached skill level 1 in Dodging
   524 | D:2      | Found an opulent altar of Gozag.
   541 | D:2      | Reached XP level 3. HP: 31/31 MP: 3/3
   553 | D:2      | Became a worshipper of Gozag Ym Sagoz the Greedy
  1365 | D:3      | Noticed an ogre
  1386 | D:3      | Demolished by an ogre

Vault maps used:
D:1:      lightli_arrival_isolated_outpost
D:2:      first_bread, grunt_gozag_statues
D:3:      nicolae_overflow_hidden_temple, minmay_ogre_servants

Skill      XL: |  1  2  3 |
---------------+----------+-----
Dodging        | 1 |  1.7
Maces & Flails | 3 |  3.0
Fighting       | |  3.9
Shields        | |  1.0
Conjurations   | |  3.0
Evocations     | |  1.0

Action                   || total
-------------------------++-------
Melee: Mace              ||   132
  Use: Potion            ||     1
 Stab: Sleeping          ||     1
  Eat: Meat ration       ||     1
